 Dungeon Crawl Stone Soup version 0.26-a0-597-gb535b0901c (webtiles) character file.

Game seed: 15559005914302327928

(classic levelgen) 27986 EnegeticOcto the Champion of Chaos (level 13, -1/117 HPs)
             Began as a Deep Dwarf Fighter on Aug 26, 2020.
             Was the Champion of Makhleb.
             Slain by an orc knight
             ... wielding a +1 bardiche
              (6 damage)
             ... on level 2 of the Orcish Mines.
             The game lasted 00:08:37 (7429 turns).

EnegeticOcto the Champion of Chaos (DDFi)           Turns: 7429, Time: 00:08:38

Health: -1/117     AC:  6    Str: 25    XL:     13   Next: 7%
Magic:  3/3        EV:  6    Int:  9    God:    Makhleb [******]
Gold:   853        SH: 12    Dex: 15    Spells: 12/12 levels left

rFire    + . .     SeeInvis .   a - +1 war axe (freeze)
rCold    . . .     Faith    +   c - +0 kite shield
rNeg     . . .     Spirit   .   x - +0 plate armour
rPois    .         Reflect  .   (no helmet)
rElec    .         Harm     .   D - +2 cloak
rCorr    .                      w - +2 pair of gloves
MR       +....                  z - +0 pair of boots
Stlth    ..........             k - amulet of Guttymp {Faith Dex+3}
HPRegen  0.00/turn              q - ring of protection from fire
MPRegen  0.08/turn              l - +4 ring of protection

@: about to teleport, corroded, non-regenerating
A: damage resistance, heal wounds, sense surroundings 2, no regeneration
a: Heal Wounds, Minor Destruction, Lesser Servant of Makhleb, Major Destruction,
Greater Servant of Makhleb, Renounce Religion


You were on level 2 of the Orcish Mines.
You worshipped Makhleb.
Makhleb was exalted by your worship.
You visited 3 branches of the dungeon, and saw 14 of its levels.
You visited the Abyss 1 time.
You also visited: Bailey.

You collected 1178 gold pieces.
You spent 325 gold pieces at shops.

Inventory:

Hand Weapons
 a - a +1 war axe of freezing (weapon)
 s - a +0 long sword of distortion
Armour
 b - a +0 scale mail
 c - a +0 kite shield (worn)
 w - a +2 pair of gloves (worn)
 x - a +0 plate armour (worn)
 z - a +0 pair of boots (worn)
 D - a +2 cloak (worn)
Jewellery
 i - an uncursed ring of protection from cold
 k - the amulet of Guttymp (around neck) {Faith Dex+3}
   (You found it on level 4 of the Dungeon)

   [amulet of faith]

   It allows you to gain divine favour quickly.
   It affects your dexterity (+3).
 l - a +4 ring of protection (right hand)
 q - a ring of protection from fire (left hand)
 r - the ring of Ylekau {+Fly rPois}
   (You found it on level 9 of the Dungeon)

   [ring of flight]

   It protects you from poison.
   It lets you fly.
Wands
 g - a wand of iceblast (10)
 B - a wand of disintegration (16)
Scrolls
 e - 7 scrolls of teleportation {@r3}
 f - 3 scrolls of enchant armour
 h - 4 scrolls of remove curse {@r2}
 u - 2 scrolls of magic mapping {@r5}
 H - 4 scrolls of identify {@r1}
 I - a scroll of fog {unknown}
 J - a scroll of enchant weapon
Potions
 d - 2 potions of might {@q3}
 j - 2 potions of ambrosia
 m - 3 potions of cancellation
 n - 13 potions of curing {@q1}
 o - a potion of berserk rage
 p - 2 potions of heal wounds {@q2}
 t - 7 potions of magic
 v - 5 potions of lignification {@q7}
 A - a potion of resistance {@q6}
 C - 2 potions of mutation
 G - 2 potions of stabbing {@q5}
Miscellaneous
 F - a condenser vane (1/2)


   Skills:
 + Level 8.0 Fighting
 * Level 12.8 Axes
 + Level 9.7 Armour
 + Level 9.6 Shields
 + Level 14.5 Invocations
 + Level 5.7 Evocations


You had 12 spell levels left.
You didn't know any spells.
Your spell library contained the following spells:

 Spells                   Type           Power        Failure   Level
 Corona                   Hex            #......      100%        1
 Sandblast                Erth           #.....       100%        1
 Ensorcelled Hibernation  Hex/Ice        #.....       100%        2
 Passwall                 Tmut/Erth      #.......     100%        2
 Confusing Touch          Hex            #.......     100%        3
 Dazzling Flash           Conj/Hex       #.....       100%        3
 Stone Arrow              Conj/Erth      #.....       100%        3
 Tukima's Dance           Hex            #.......     100%        3
 Petrify                  Tmut/Erth      #.......     100%        4
 Lee's Rapid Deconstruct  Erth           #.........   100%        5


Dungeon Overview and Level Annotations

Branches:
Dungeon (11/15)            Temple (1/1) D:5            Lair (0/6) D:10
    Orc (2/2) D:11            Elf (0/3) Orc:2        Bailey (visited)

Altars:
Ashenzari
Cheibriados
Dithmenos
Elyvilon
Fedhas
Gozag
Hepliaklqana
Kikubaaqudgha
Makhleb
Nemelex Xobeh
Okawaru
Qazlal
Ru
Sif Muna
Trog
Uskayaw
Vehumet
Wu Jian
Xom
Yredelemnul
Zin
The Shining One

Shops:
D:7 *   D:9 :   D:10 **=   D:11 =:}=


Innate Abilities, Weirdness & Mutations

You are resistant to damage.
You can heal yourself by infusing magical energy.
You passively map the area around you.
You do not regenerate.


Message History

You barely miss the orc knight. You barely miss the rust devil.
The orc knight no longer looks unusually strong.
You block the orc knight's attack. The rust devil hits you.
The rust devil corrodes you!
The orc high priest hits you with a +0 trident!
Your shield and plate armour prevent you from hitting the orc high priest.
The orc high priest is heavily wounded.
You hit the rust devil but do no damage.
You hit the orc knight but do no damage.
The orc priest no longer looks unusually strong. x2
You block the orc warrior's attack. The rust devil hits you.
The rust devil corrodes you!
The orc knight hits you with a +1 bardiche!
You closely miss the orc high priest.
The orc high priest is heavily wounded.
You hit the orc priest but do no damage.
You hit the orc knight but do no damage.
You hit the rust devil but do no damage.
You block the orc high priest's attack.
The orc knight roars a battlecry!
The orcs go into a battle-frenzy!
The rust devil hits you. The rust devil corrodes you!
The orc warrior hits you from afar with a +0 halberd.
You block the orc priest's attack.
You closely miss the orc high priest.
The orc high priest is heavily wounded.
You hit the rust devil but do no damage.
You hit the orc knight. You freeze the orc knight.
You closely miss the orc priest.
The orc warrior no longer looks unusually strong. x2
The orc priest looks encouraged for a moment.
The orc high priest hits you with a +0 trident.
The orc knight roars a battlecry!
The orc warriors go into a battle-frenzy!
You block the rust devil's attack. You block the orc warrior's attack.
The orc priest hits you with a +0 club!
You hit the orc knight. You freeze the orc knight.
The orc knight is severely wounded.
You barely miss the orc priest.
You hit the orc high priest but do no damage.
You hit the rust devil.
The orc knight hits you with a +1 bardiche!!
The orc high priest calls down the wrath of Beogh upon you.
You easily resist.
The rust devil hits you. The rust devil corrodes you!
You hit the orc knight but do no damage.
The orc knight is severely wounded.
You hit the rust devil but do no damage.
You slash the orc high priest! You freeze the orc high priest.
You hit the orc priest but do no damage.
You block the orc priest's attack.
The orc warrior hits you from afar with a +0 halberd!!
* * * LOW HITPOINT WARNING * * *
The orc knight roars a battlecry!
The orc priest goes into a battle-frenzy!
You block the rust devil's attack.
You are too injured to fight recklessly!
You are too injured to fight recklessly!
You are too injured to fight recklessly!
You are too injured to fight recklessly!
You are too injured to fight recklessly!
You are too injured to fight recklessly!
You are too injured to fight recklessly!
You are too injured to fight recklessly!
You are too injured to fight recklessly!
You are too injured to fight recklessly!
You are too injured to fight recklessly!
You are too injured to fight recklessly!
You are too injured to fight recklessly!
You feel much better. You block the orc knight's attack.
The orc priest barely misses you.
The orc warrior hits you but does no damage.
The orc high priest prays to Beogh.
The rust devil hits you! The rust devil corrodes you!
The orc knight hits you from afar with a +1 bardiche!
* * * LOW HITPOINT WARNING * * *
The orc high priest hits you but does no damage.
An orc high priest comes into view.
It is wielding a +0 halberd and wearing a +0 ring mail of poison resistance.
You feel much better.
The orc knight no longer looks unusually strong.
The orc warrior completely misses you. You block the orc warrior's attack. x2
The rust devil hits you. The rust devil corrodes you!
The orc high priest utters an invocation to Beogh.
The orc high priest is healed somewhat.
As you read the scroll of teleportation {@r3}, it crumbles to dust.
You feel strangely unstable.
The orc knight hits you from afar with a +1 bardiche!!
* * * LOW HITPOINT WARNING * * *
You block the orc warrior's attack.
The orc high priest no longer looks unusually strong.
The orc priest casts a cantrip, but nothing happens.
The orc knight roars a battlecry!
The orcs go into a battle-frenzy!
The orc high priest barely misses you.
You fail to use your ability.
The rust devil disappears in a puff of smoke!
The orc warrior hits you with a +0 long sword!!
* * * LOW HITPOINT WARNING * * *
You block the orc warrior's attack.
The orc knight hits you from afar with a +1 bardiche!
You die...

........#.#.#.#.#.#.#.#.#.#.#.#o#
.......).................o)4.o...
.......)................#)#o.)).5
..........)..)..........)))o).)o.
........#.#.#.#.#.#o#.#.#.#.#)#.#
........#.......oo.)....###.o. ,,
[.......##.....4.ooo...## #....
#...))..####..ooo....### ##...
#...)).## ###.o@o.### ##.
....)..# ####### #...))#####
......))).# #...#.)#)##
##.####### ###


You could see 2 orc knights, 2 orc high priests, a rust devil (summoned), 4 orc
warriors and 3 orc priests.

Vanquished Creatures
  Erica (D:9)
  A two-headed ogre (D:11)
  A thrashing horror (Abyss:1)
  3 orc high priests (Orc:2)
  A wretched star (Abyss:1)
  Pikel (D:9)
  7 orc knights (Orc:2)
  A cyclops (D:11)
  2 orc sorcerers (Orc:2)
  An ugly thing (D:11)
  A gargoyle (D:11)
  A centaur skeleton (D:11)
  A kobold demonologist (D:11)
  Maggie (D:6)
  An ancient zyme (Abyss:1)
  A troll (D:10)
  2 hippogriffs
  13 yaks
  A small abomination (Abyss:1)
  3 wargs
  Menkaure (D:4)
  2 porcupines (D:10)
  29 orc warriors
  2 ice beasts
  9 ogres
  3 sky beasts
  A centaur (D:10)
  A crocodile (D:10)
  4 lemures (D:9)
  2 big kobolds
  8 bullfrogs
  A gnoll sergeant (D:9)
  5 killer bees (D:11)
  A scorpion (D:5)
  2 howler monkeys
  A quasit (D:11)
  A centaur zombie (D:8)
  2 jellies
  A bullfrog zombie (D:11)
  7 hounds
  35 orc priests
  A bullfrog skeleton (D:6)
  An iguana (D:9)
  13 orc wizards
  8 worker ants
  A hound zombie (D:10)
  A worker ant zombie (D:5)
  7 adders
  22 gnolls
  A white imp (D:10)
  2 ufetubi
  An ooze (D:4)
  An adder zombie (D:6)
  An adder skeleton (D:4)
  A worm (D:2)
  A dart slug (D:3)
  4 leopard geckos
  62 orcs
  4 bats (D:1)
  3 giant cockroaches
  7 goblins
  16 hobgoblins
  4 jackals
  3 quokkas
  5 frilled lizards
  A jackal skeleton (D:4)
  17 kobolds
  2 leopard gecko skeletons
  A quokka skeleton (D:6)
  A rat (D:1)
354 creatures vanquished.

Vanquished Creatures (collateral kills)
  An orc knight (Bailey)
1 creature vanquished.

Vanquished Creatures (others)
  2 orcs
  7 fungi (D:10)
  10 plants (D:10)
19 creatures vanquished.

Grand Total: 374 creatures vanquished

Notes
Turn   | Place    | Note
-------+----------+-------------------------------------------
     0 | D:1      | EnegeticOcto the Deep Dwarf Fighter began the quest for the
                  | Orb.
     0 | D:1      | Reached XP level 1. HP: 20/20 MP: 1/1
    63 | D:1      | Reached XP level 2. HP: 20/27 MP: 2/2
   152 | D:2      | Reached XP level 3. HP: 16/33 MP: 3/3
   280 | D:4      | Reached XP level 4. HP: 42/42 MP: 4/4
   585 | D:4      | Got a pitted pewter amulet
   643 | D:4      | Noticed Menkaure
   659 | D:4      | Killed Menkaure
   659 | D:4      | Reached XP level 5. HP: 26/49 MP: 2/2
   683 | D:4      | Reached XP level 6. HP: 47/56 MP: 2/2
   702 | D:4      | Noticed a sky beast
   740 | D:4      | Killed a sky beast
   740 | D:4      | Reached skill level 5 in Axes
  1009 | D:5      | Entered Level 5 of the Dungeon
  1086 | D:5      | Found a staircase to the Ecumenical Temple.
  1147 | Temple   | Entered the Ecumenical Temple
  1277 | Temple   | Became a worshipper of Makhleb the Destroyer
  1639 | D:5      | Reached XP level 7. HP: 43/64 MP: 1/1
  1739 | D:5      | Identified the amulet of Guttymp {Faith Dex+3} (You found
                  | it on level 4 of the Dungeon)
  1769 | D:6      | Reached skill level 1 in Invocations
  1844 | D:6      | Reached skill level 5 in Armour
  1844 | D:6      | Reached skill level 5 in Shields
  1967 | D:6      | Noticed Maggie
  1982 | D:6      | Killed Maggie
  1982 | D:6      | Reached skill level 2 in Invocations
  2487 | D:7      | Found Ycowivuvor's Lightly-Used Armoury.
  2513 | D:7      | Reached XP level 8. HP: 30/73 MP: 2/4
  2563 | D:7      | Reached skill level 3 in Invocations
  2645 | D:7      | Reached * piety under Makhleb
  2768 | D:7      | Noticed a hippogriff
  2781 | D:7      | Killed a hippogriff
  2781 | D:7      | Reached skill level 5 in Fighting
  2781 | D:7      | Reached skill level 4 in Invocations
  2880 | D:7      | Found a shattered altar of Ashenzari.
  3382 | D:8      | Gained mutation: You passively map the area around you.
                  | [Deep Dwarf growth]
  3382 | D:8      | Reached XP level 9. HP: 61/81 MP: 6/6
  3449 | D:8      | Reached skill level 5 in Invocations
  3491 | D:8      | Reached ** piety under Makhleb
  3812 | D:9      | Noticed Pikel
  3843 | D:9      | Killed Pikel
  3843 | D:9      | Reached skill level 6 in Invocations
  3852 | D:9      | Found an ornate altar of the Wu Jian Council.
  3885 | D:9      | Cast into level 1 of the Abyss (orc)
  3885 | Abyss:1  | Found a corrupted altar of Lugonu.
  3924 | Abyss:1  | Noticed a wretched star
  3926 | Abyss:1  | Noticed a thrashing horror
  3927 | Abyss:1  | Noticed an ancient zyme
  3955 | Abyss:1  | Killed an ancient zyme
  3962 | Abyss:1  | Killed a wretched star
  3962 | Abyss:1  | Reached XP level 10. HP: 28/63 MP: 3/3
  3962 | Abyss:1  | Killed a thrashing horror
  3962 | Abyss:1  | Reached skill level 10 in Axes
  3962 | Abyss:1  | Reached skill level 7 in Invocations
  3964 | D:9      | Escaped the Abyss
  3986 | D:9      | Identified the ring of Ylekau {+Fly rPois} (You found it on
                  | level 9 of the Dungeon)
  3999 | D:9      | Reached *** piety under Makhleb
  4083 | D:9      | Found a flagged portal.
  4088 | Bailey   | Entered a bailey
  4209 | Bailey   | Reached **** piety under Makhleb
  4223 | Bailey   | Noticed an orc knight
  4246 | Bailey   | Killed an orc knight
  4388 | D:9      | Reached skill level 13 in Invocations
  4388 | D:9      | Reached XP level 11. HP: 63/99 MP: 0/4
  4476 | D:9      | Found Jyew's Book Shop.
  4638 | D:9      | Noticed Erica
  4667 | D:9      | Killed Erica
  4750 | D:10     | Entered Level 10 of the Dungeon
  4941 | D:10     | Reached skill level 1 in Evocations
  5001 | D:10     | Reached ***** piety under Makhleb
  5042 | D:10     | Found a staircase to the Lair.
  5081 | D:10     | Found Ygios's General Store.
  5112 | D:10     | Bought 2 scrolls of magic mapping for 77 gold pieces
  5112 | D:10     | Bought a condenser vane (2/2) for 220 gold pieces
  5128 | D:10     | Found Bechost's Jewellery Boutique.
  5154 | D:10     | Reached XP level 12. HP: 91/109 MP: 7/7
  5329 | D:10     | Found Boshrili's Assorted Antiques.
  5333 | D:10     | Bought a scroll labeled HAKITO POEVUI for 28 gold pieces
  5624 | D:11     | Found Esas's Gadget Boutique.
  5663 | D:11     | Found Fikhlosch's Book Shoppe.
  5796 | D:11     | Found Taekaasi's Jewellery Shop.
  5959 | D:11     | Found a staircase to the Orcish Mines.
  6124 | D:11     | Noticed a two-headed ogre
  6137 | D:11     | Killed a two-headed ogre
  6144 | D:11     | Reached skill level 14 in Invocations
  6186 | D:11     | Found Adijips's Jewellery Emporium.
  6594 | Orc:1    | Entered Level 1 of the Orcish Mines
  6704 | Orc:2    | Entered Level 2 of the Orcish Mines
  6706 | Orc:2    | Found a staircase to the Elven Halls.
  6728 | Orc:2    | HP: 3/109 [sun demon[an orc knight] (3)]
  6734 | Orc:2    | Paralysed by an orc sorcerer for 6 turns
  7199 | Orc:2    | Reached ****** piety under Makhleb
  7284 | Orc:2    | Noticed an orc high priest
  7291 | Orc:2    | Killed an orc high priest
  7316 | Orc:2    | Reached skill level 5 in Evocations
  7387 | Orc:2    | Noticed an orc high priest
  7388 | Orc:2    | Noticed an orc high priest
  7400 | Orc:2    | Noticed an orc high priest
  7405 | Orc:2    | Killed an orc high priest
  7405 | Orc:2    | Reached XP level 13. HP: 80/117 MP: 3/3
  7429 | Orc:2    | HP: 5/117 [orc warrior/+0 long sword (17)]
  7429 | Orc:2    | Slain by an orc knight

Illustrated notes

Levels and vault maps discovered:
D:1:      minmay_arrival_radiant_lines, layout_rooms, minmay_hexomino_r4
D:2:      layout_loops_ring, serial_forest, infiniplex_forest_end_3,
          infiniplex_forest_clump_curved, infiniplex_forest_lined_2,
          infiniplex_forest_pool, infiniplex_forest_lined_2,
          infiniplex_forest_end_2, infiniplex_forest_straight_3,
          okawaru_altar_gauntlet_db
D:3:      layout_basic, grunt_decor_arrowhead
D:4:      minmay_skewed_foursquare, layout_loops_ring, uniq_menkaure
D:5:      layout_loops_cross, minmay_temple_entry_arrows,
          kennysheep_pointless_box
D:6:      layout_loops_ring, uniq_maggie
D:7:      layout_loops_ring, grunt_ministairs_14, kennysheep_doodads,
          minmay_shop_damaged, nicolae_ashenzari_panopticon
D:8:      layout_rooms
D:9:      layout_rooms, lemuel_doored_altar, enter_bailey_3, serial_shops,
          nicolae_shop_stone, uniq_erica, uniq_pikel
D:10:     layout_roguey, grunt_lair_entry_orc_guard_hut, serial_shops,
          nicolae_shop_trees, shop, nicolae_shop_temple_entry_statues_fountains
D:11:     layout_long_grid, david_orc_1_choice, serial_shops,
          nicolae_shop_behind_doors, kennysheep_mini, nicolae_shop_statue_plus,
          shop, grunt_ministairs_6
Temple:   kilobyte_greek_temple
Orc:1:    cheibrodos_orc_bank, layout_caves, basic_altar,
          portal_ice_cave_demonic_guard, mines1_david
Orc:2:    st_orc_pillars, layout_diamond_mine

Skill      XL: |  1  2  3  4  5  6  7  8  9 10 11 12 |
---------------+-------------------------------------+-----
Axes           | 3 4 5 6 8 9 10 11 12 | 12.8
Fighting       | 3 4 5 6 7 8 |  8.0
Armour         | 4 5 6 7 8 9 |  9.7
Shields        | 4 5 6 7 8 9 |  9.6
Invocations    | 2 4 6 13 14 | 14.5
Evocations     | 1 5 |  5.7

Action                   |  1- 3 |  4- 6 |  7- 9 | 10-12 | 13-15 || total
-------------------------+-------+-------+-------+-------+-------++-------
Melee: War axe           |    66 |   107 |   329 |   709 |     8 ||  1219
Invok: Lesser Servant of |       |       |       |     1 |       ||     1
 Abil: Heal Wounds       |     2 |     8 |    13 |    38 |     2 ||    63
Evoke: Wand              |       |       |       |     7 |       ||     7
       Condenser vane    |       |       |       |     2 |       ||     2
  Use: Scroll            |       |       |    17 |    11 |     1 ||    29
       Potion            |       |       |       |     1 |       ||     1
 Stab: Distracted        |       |       |       |     1 |       ||     1
Armor: Scale mail        |    26 |    67 |    18 |       |       ||   111
       Plate armour      |       |       |   246 |   398 |     6 ||   650
Dodge: Dodged            |    18 |    46 |    80 |   148 |     3 ||   295
Block: Kite shield       |    34 |    57 |   222 |   452 |    17 ||   782

Table legend: (Time is in decaauts)
 A = Elapsed time spent in this place.
 B = Non-inter-level travel time spent in this place.
 C = Inter-level travel time spent in this place.
 D = Time resting spent in this place.
 E = Time spent auto-exploring this place.
 F = Levels seen in this place.
 G = Mean time per level.
                   A        B        C        D        E       F      G
               +--------+--------+--------+--------+--------+-----+--------+
         Total |   7556 |   7229 |    327 |     18 |   4987 |  16 |  472.2 |
       Dungeon |   6193 |   5916 |    277 |     16 |   4256 |  11 |  563.0 |
        Temple |    162 |    131 |     31 |      0 |    124 |   1 |  162.0 |
  Orcish Mines |    822 |    804 |     18 |      2 |    450 |   2 |  411.0 |
         Abyss |     79 |     79 |      0 |      0 |     22 |   1 |   79.0 |
        Bailey |    298 |    298 |      0 |      0 |    135 |   1 |  298.0 |
               +--------+--------+--------+--------+--------+-----+--------+

Top non-repeatable levels by time:
    D:11: 1144 daAuts
     D:7: 936 daAuts
     D:4: 828 daAuts
   Orc:2: 712 daAuts
     D:6: 708 daAuts
    D:10: 693 daAuts
     D:5: 596 daAuts
     D:9: 587 daAuts
     D:8: 460 daAuts
  Bailey: 298 daAuts
  Temple: 162 daAuts
     D:1: 151 daAuts
   Orc:1: 109 daAuts
 Abyss:1: 79 daAuts
     D:3: 48 daAuts
